Unix NetHack Version 3.7.0-87 Work-in-progress - last build Jul 6 2023 03:31:47 (95ed96c5f904f8c939670f77da02ce65a080bf33,branch:master). Game began 2023-07-13 21:24:23, ended 2023-08-27 13:38:12. pinball, chaotic male elven Wizard ------ |..[.| ------ ----- ---------- |.{..| #....<.# |..{| |........| |....| #|....|# |>..-######.........| |....| #|.*..|# |...| |....{...| |....| #------# -.--- |........| |.....# ### # ### --|------- -.----# # # # ## # # # # # ### # # -----# # # ### # #------ |....# # ## ### # #|....| |..)| # ---------.- ----|-------.- #|....| ..}.| ## |.........| |............| #|....|# # |..@| ## |.........| |.............####-.....########..}.| #---------- |.........| |............| #|.).^|# ## ----- #|........| |.........| -------------- #------ #|.....[..| |.....<...| ### #-........| ----------- ---------- Pinball the Sorcerer St:18 Dx:17 Co:16 In:20 Wi:18 Ch:8 Chaotic S:349233 Dlvl:6 $:1656 HP:130(130) Pw:280(280) AC:-13 Xp:18/1291060 T:29945 Burdened Latest messages: This shop is deserted. There are many objects here. You have a little trouble lifting J - a +0 pair of boots called kicking. J - an uncursed +0 pair of kicking boots. What do you want to drop? [$b-fhk-mq-zA-HJ-MOPR-TVX-Z or ?*] J You drop an uncursed +0 pair of kicking boots. Where do you want to be teleported? (For instructions type a '?') You materialize in a different location! What do you want to use or apply? [bdehklq-suwyzBDFLOPTZ or ?*] b What do you want to use or apply? [bdehklq-suwyzBDFLOPTZ or ?*] b You have a little trouble removing W - a blessed potion of fruit juice. What do you want to dip? [b-fhklq-zA-HK-MOPR-TV-Z or ?*] W Dip a blessed potion of fruit juice into the pool of water? [yn] (n) y Your potion of fruit juice dilutes. Your diluted potion of fruit juice dilutes further. What do you want to use or apply? [bdehklq-suwyzBDFLOPTZ or ?*] b You put an uncursed potion of water into the bag of holding. Restoring save file... Hello pinball, the elven Wizard, welcome back to NetHack! Your movements are slowed slightly because of your load. Unix NetHack Version 3.7.0-87 Work-in-progress - last build Jul 6 2023 03:31:47 (95ed96c5f904f8c939670f77da02ce65a080bf33,branch:master). Really quit? [yn] (n) y Do you want your possessions identified? [ynq] (y) q Inventory: Coins $ - 1656 gold pieces Amulets x - an uncursed amulet of life saving (being worn) H - an uncursed amulet of life saving S - an uncursed amulet of reflection c - the blessed Eye of the Aethiopica Weapons E - the rustproof +6 Magicbane (weapon in hand) Armor f - a blessed greased fireproof +2 elven leather helm (being worn) V - a blessed +1 pair of leather gloves C - a blessed fireproof +4 pair of water walking boots (being worn) Y - a blessed fireproof +1 cloak of magic resistance (being worn) v - an uncursed +0 set of blue dragon scales m - a blessed greased +2 silver dragon scale mail (being worn) Comestibles q - an uncursed cream pie K - an uncursed food ration G - 2 uncursed K-rations A - an uncursed lizard corpse Rings M - an uncursed ring of free action (on left hand) t - an uncursed +1 ring of protection (on right hand) Wands u - a wand of digging (3:4) T - a wand of fire (0:8) L - a wand of magic missile (0:5) r - a wand of polymorph (0:5) O - a wand of teleportation (0:7) B - a wand of teleportation (2:1) Tools b - a blessed greased bag of holding containing 95 items Z - an uncursed oilskin sack containing 2 items z - an uncursed bugle d - the Bell of Opening (0:3) F - the uncursed Candelabrum of Invocation (0 of 7 candles attached) l - an expensive camera (0:88) e - a magic marker (0:50) w - an uncursed magic whistle k - an uncursed skeleton key s - an uncursed stethoscope P - an uncursed towel h - a blessed +0 unicorn horn y - a +0 unicorn horn D - a +0 unicorn horn Gems/Stones R - an uncursed obsidian stone X - an uncursed luckstone Contents of the bag of holding: 6737 gold pieces an uncursed amulet of flying an uncursed amulet of magical breathing a blessed corroded +3 aklys a blessed +1 small shield an uncursed +0 cloak of invisibility a blessed +0 mummy wrapping an uncursed +0 mummy wrapping an uncursed +0 set of gray dragon scales 4 uncursed food rations 3 uncursed tripe rations an uncursed lizard corpse a blessed scroll of blank paper a blessed scroll of charging 2 uncursed scrolls of charging a blessed scroll of earth 5 uncursed scrolls of earth an uncursed scroll of enchant armor a cursed scroll of enchant weapon a blessed scroll of fire 3 uncursed scrolls of genocide 2 uncursed scrolls of gold detection a cursed scroll of light a blessed scroll of remove curse 3 uncursed scrolls of remove curse 2 uncursed scrolls of scare monster an uncursed scroll of scare monster a blessed scroll of teleportation 15 uncursed scrolls of teleportation a blessed spellbook of confuse monster an uncursed spellbook of magic mapping 4 uncursed potions of booze 3 uncursed potions of confusion 6 uncursed potions of fruit juice a blessed potion of full healing 4 uncursed potions of full healing 4 blessed potions of gain energy an uncursed potion of gain energy an uncursed potion of gain level 3 uncursed potions of healing 2 uncursed potions of invisibility 2 blessed potions of levitation an uncursed potion of monster detection 3 uncursed potions of object detection 3 uncursed potions of paralysis an uncursed potion of polymorph 2 uncursed potions of restore ability an uncursed potion of sleeping 2 uncursed potions of speed 3 potions of holy water an uncursed potion of water a potion of unholy water an uncursed ring of conflict an uncursed ring of free action a cursed ring of invisibility an uncursed ring of polymorph an uncursed ring of polymorph control an uncursed ring of protection from shape changers an uncursed ring of stealth an uncursed ring of teleport control a wand of digging (0:8) a wand of digging (0:7) a wand of digging (0:6) a wand of digging (0:6) a wand of digging (0:6) a wand of digging (0:6) a wand of enlightenment (0:11) a wand of locking (0:6) a blessed greased wand of polymorph (0:0) a wand of polymorph (0:4) a wand of probing (0:7) a wand of secret door detection (0:8) a wand of sleep (0:3) a wand of speed monster (0:7) a wand of striking (0:8) a wand of striking (0:8) a wand of striking (0:7) a wand of teleportation (1:13) a wand of undead turning (1:4) a wand of wishing (1:2) a can of grease (0:11) a magic marker (0:33) a blessed oil lamp an uncursed skeleton key a blessed tinning kit (0:43) 8 cursed wax candles an uncursed amethyst stone 3 uncursed aquamarine stones an uncursed citrine stone 2 uncursed diamonds 2 uncursed obsidian stones 4 uncursed opals an uncursed ruby an uncursed sapphire an uncursed topaz stone Contents of the oilskin sack: a wand of cancellation (0:7) a wand of cancellation (0:5) Pinball the Wizard's attributes: Background: You were a Sorcerer, a level 18 male elven Wizard. You were chaotic, on a mission for Anhur who was opposed by Ptah (lawful) and Thoth (neutral). You were in the Dungeons of Doom, on level 6. You entered the dungeon 29945 turns ago. You had 1291060 experience points, 1268940 more were needed for level 19. Your score was 349233 before end-of-game adjustments. Basics: You had all 130 hit points. You had all 280 energy points (spell power). Your armor class was -13. Your wallet contained 1656 zorkmids, and you had 6737 more stashed away in your pack. Autopickup was off. Final Characteristics: Your strength was 18 (limit:18). Your dexterity was 17 (peak:18, limit:18). Your constitution was 16 (limit:16). Your intelligence was 20 (limit:20). Your wisdom was 18 (limit:20). Your charisma was 8 (limit:18). Final Status: You were walking on water. You were not hungry. You were burdened; movement was slightly slowed. You were wielding a dagger. You were skilled in dagger and could have enhanced that. Final Attributes: You were piously aligned. You were magic-protected. You were fire resistant. You were sleep resistant. You were disintegration resistant. You were shock resistant. You were poison resistant. You saw invisible. You were telepathic. You were warned. You had infravision. You were invisible to others. You could teleport. You had teleport control. You had a small defense bonus (+2). You were guarded. You took half spell damage. You were fast. You had reflection. You had free action. Your life would have been saved. You were extremely lucky. You had extra luck. Bad luck did not time out for you. Good luck did not time out for you. Anhur was angry with you. You survived. Miscellaneous: You encountered 1 bones level. Total elapsed playing time was 19 hours, 36 minutes and 50 seconds. Major events: Turn 1: pinball the chaotic male elven Wizard entered the dungeon 1155: attained the rank of Conjurer (level 3) 1441: entered the Gnomish Mines 2788: entered Sokoban 3899: attained the rank of Thaumaturge (level 6) 6566: made his first wish - "blessed greased +2 silver dragon scale mail", got "a greased silver dragon scale mail" 7420: acquired the Mines' End luckstone 8572: completed 1st Sokoban level 9106: completed 2nd Sokoban level 9511: completed 3rd Sokoban level 11174: completed 4th Sokoban level 11648: acquired the Sokoban amulet of reflection 12597: attained the rank of Magician (level 10) 13013: was bestowed with Magicbane by Anhur 15248: reached Mine Town 17119: destroyed nabru's ghost, the former Thaumaturge 17894: Kars, the used armor dealership proprietrix, has been killed 18071: entered Gehennom 18951: Bordeyri, the general store proprietor, has been killed 19126: Regien, the hardware store proprietor, has been killed 19163: Patjitan, the delicatessen proprietor, has been killed 19299: Sipaliwini, the general store proprietrix, has been killed 19437: Izchak, the lighting store proprietor, has been killed 19755: wished for "uncursed magic marker", got "a magic marker" 19756: wished for "blessed greased fixed wand of polymorph", got "a greased pine wand" 21224: attained the rank of Enchanter (level 14) 22154: wished for "blessed greased fixed bag of holding", got "a greased bag" 22266: killed the Dark One 22266: found the Eye of the Aethiopica carried by a monster 22267: acquired the Bell of Opening 24288: Annootok, the general store proprietor, has been killed 24324: Ayancik, the used armor dealership proprietor, has been killed 24358: Lonzac, the antique weapons outlet proprietor, has been killed 24795: killed Medusa 27517: bribed Asmodeus with 7 zorkmids for safe passage 28570: Vlad the Impaler has been destroyed 28573: acquired the Candelabrum of Invocation 28615: wished for "marker", got "a magic marker" 28641: attained the rank of Sorcerer (level 18) 29945: quit Vanquished creatures: Vlad the Impaler Medusa an iron golem a master lich a storm giant 3 glass golems a purple worm a gray dragon a gold dragon 2 red dragons a white dragon 7 black dragons 2 blue dragons a green dragon 14 minotaurs a jabberwock the Dark One 3 demiliches 2 Nazgul 3 titanotheres a trapper a disenchanter 6 vampire leaders 9 shopkeepers 2 prisoners an aligned cleric 2 captains 3 liches 3 nurses 3 ice devils 2 nalfeshnees 2 frost giants an ettin a golden naga 3 black puddings 11 vampires 3 lieutenants a watch captain 25 ghosts a rogue a wizard a mind flayer 3 giant mimics a zruty 4 fire giants 2 ogre tyrants 5 ice trolls 2 rock trolls an elven monarch a hezrou 2 wumpuses a couatl 5 stalkers 2 air elementals an earth elemental 3 water elementals 2 hill giants 5 giant mummies 2 black nagas 9 xorns 8 giant zombies an elf-noble 7 sergeants a water demon 4 barbed devils 6 vrocks 6 wargs 3 hell hound pups 6 small mimics 3 warhorses 3 steam vortices 5 xans 4 ettin mummies 6 ogre leaders 4 quantum mechanics 4 trolls a sasquatch 2 wood golems 2 sharks 2 gelatinous cubes 2 pyrolisks a large dog 4 freezing spheres 2 flaming spheres a shocking sphere 3 large cats a tiger 2 gargoyles 8 tengu 4 ochre jellies 4 leocrottas an energy vortex 2 mountain centaurs a stone giant 3 elf mummies a human mummy 2 red nagas 2 green slimes a python a pit viper 2 cobras 31 wraiths 12 ettin zombies 5 Grey-elves 44 soldiers 4 watchmen an amorous demon 3 chameleons 6 giant beetles 4 quivering blobs 4 cockatrices 9 wolves 3 winter wolf cubs a lynx a panther a gremlin 4 leprechauns 3 orc-captains 5 iron piercers 3 mumakil 6 giant spiders 2 scorpions a horse an ice vortex a black light 38 vampire bats 2 forest centaurs 3 gnome rulers 7 orc mummies 3 dwarf mummies a brown pudding 8 rust monsters 7 owlbears 2 yetis 3 gold golems 3 werewolves 2 Green-elves 7 giant eels 8 lizards 4 chickatrices a dingo a dog a housecat 5 jaguars a dwarf leader 2 blue jellies 4 white unicorns a gray unicorn a black unicorn 3 dust vortices 22 ravens 3 plains centaurs 5 apes 15 human zombies 2 Woodland-elves 3 soldier ants 5 fire ants 8 bugbears 5 imps a lemure 5 quasits a wood nymph 5 water nymphs a mountain nymph a Mordor orc 6 Uruk-hai 5 rock piercers 2 rock moles 4 ponies 6 fog clouds 6 yellow lights a shrieker a violet fungus 16 gnome leaders 4 gnomish wizards 3 kobold mummies 5 gray oozes 14 elf zombies 11 ghouls 2 straw golems a paper golem a baby crocodile 11 giant ants 2 little dogs 8 floating eyes a kitten 17 dwarves 9 homunculi 2 kobold leaders a kobold shaman 20 hill orcs 25 rothes 3 rabid rats 3 centipedes 17 giant bats 3 monkeys 18 orc zombies 9 dwarf zombies a wererat 7 iguanas 7 killer bees 2 acid blobs 2 gas spores 6 hobbits 5 manes 5 large kobolds 5 hobgoblins 16 giant rats 3 cave spiders 3 brown molds 2 yellow molds 2 green molds a red mold 56 gnomes 8 gnome zombies 7 geckos 6 jackals 2 foxes 3 kobolds 5 goblins 3 sewer rats 13 grid bugs 13 bats 4 lichens 15 kobold zombies 6 newts 1108 creatures vanquished. No species were genocided or became extinct. Voluntary challenges: You read items or engraved 96 times. You never engraved Elbereth. You never genocided any monsters. You never changed form. You used 5 wishes. You did not wish for any artifacts. You violated the special Sokoban rules once. Achievements: You entered a shop. You attained the rank of Conjurer. You entered the Gnomish Mines. You entered Sokoban. You attained the rank of Thaumaturge. You entered a temple. You completed the Gnomish Mines. You completed Sokoban. You attained the rank of Magician. You entered Minetown. You entered Gehennom. You attained the rank of Enchanter. You had the Bell of Opening. You defeated Medusa. You had the Candelabrum of Invocation. You attained the rank of Sorcerer. The Dungeons of Doom: levels 1 to 26 Level 1: Level 2: A fountain. Stairs down to The Gnomish Mines. Level 3: "$" An untended shop, a fountain. Level 4: Level 5: Many fountains. Oracle of Delphi. Level 6: <- You were here. An untended shop, many fountains. Stairs up to Sokoban, level 5. Level 7: A fountain. Level 8: Level 9: A fountain. Level 10: A grave. Final resting place for nabru-Wiz-Elf-Fem-Cha, killed by a raven. Level 11: Portal to The Quest. Level 12: An altar, a fountain. Level 13: Level 14: Level 15: Level 16: Some fountains. Level 17: A fountain. Level 18: A primitive area. Level 19: "gvyd" Level 20: Many shops, a fountain. Level 21: Some altars. Level 22: A tree. Level 23: Many trees. Level 24: Level 25: Level 26: The castle. Connection to Gehennom. Gehennom: levels 27 to 43 Level 27: A temple, many graves. Valley of the Dead. Level 28: Level 29: Level 30: Level 31: "Asmo" Level 32: "Baalz" Level 33: Level 34: A temple. Level 35: Level 36: Stairs up to Vlad's Tower, level 35. Level 37: Level 38: "orcus" An altar, many graves. Level 39: Level 40: "Rodney" Level 41: Level 42: Level 43: The Gnomish Mines: levels 3 to 10 Level 3: Level 4: Level 5: "black unis" Many shops, a temple to Anhur, a fountain. Level 6: Level 7: Level 8: Level 9: Level 10: Some fountains. The Quest: levels 1 to 6 Level 1: Completed quest for Neferet the Green. Level 2: Level 3: Level 4: Level 5: Level 6: A temple to Anhur. Sokoban: levels 5 up to 2 Level 2: Solved. Level 3: Solved. Level 4: Solved. Level 5: Solved. Vlad's Tower: levels 35 up to 33 Level 33: Level 34: Level 35: Goodbye pinball the Wizard... You quit in The Dungeons of Doom on dungeon level 6 with 349233 points, and 8393 pieces of gold, after 29945 moves. You were level 18 with a maximum of 130 hit points when you quit.